Map: Ulrena

Players

lesha - Winner!

  • Race: Terran Terran
  • League: Silver

POUTINOSS

  • Race: Protoss Protoss
  • League: Silver

VOD

Have the link to the VOD?

Description

Time

  • Played on: Jan. 1, 2016, 10:04 p.m.
  • Length: 8:52
Show
View Real Time Build Order
Export as new Build Order

lesha Terran - Winner!

Build Orders: Reaper Expand 

Get SALT Encoding   

  12  0:01  SCV  
  13  0:13  SCV  
  14  0:18  Supply Depot  
  14  0:25  SCV  
  15  0:40  SCV  
  15  0:41  Barracks  
  16  0:46  Refinery  
  16  0:52  SCV  
  17  1:04  SCV  
  18  1:16  SCV  
  19  1:31  Reaper  
  20  1:36  Command Center  
  20  1:41  Orbital Command  
  20  1:51  Supply Depot  
  20  2:03  Barracks  
  20  2:13  Marine  
  21  2:19  SCV  
  22  2:31  SCV, Marine  
  22  2:32  Refinery  
  24  2:38  Factory  
  24  2:46  SCV  
  24  2:49  Marine  
  26  2:58  SCV  
  26  3:00  Barracks Reactor  
  27  3:06  Orbital Command  
  27  3:10  SCV  
  28  3:19  Barracks  
  28  3:21  Barracks Reactor  
  28  3:36  Marine x2  
  28  3:38  SCV x2  
  32  3:50  SCV x2  
  33  4:00  Engineering Bay  
  33  4:01  Marine  
  33  4:02  SCV x2, Marine x2  
  38  4:08  Barracks Tech Lab  
  38  4:09  Marine  
  39  4:10  Factory Reactor  
  39  4:19  Marine x2  
  39  4:20  Barracks  
  39  4:21  Starport  
  39  4:23  SCV  
  39  4:24  SCV, Supply Depot  
  43  4:25  Marine  
  44  4:44  SCV x2  
  44  4:45  Missile Turret, Marine  
  46  4:52  Supply Depot, Marine  
  48  4:56  Supply Depot  
  47  5:06  Missile Turret  
  39  5:28  Missile Turret, Marine  
  39  5:29  Marine x4  
  44  5:46  Marine x2  
  44  5:47  Marine x3  
  44  5:49  Missile Turret  
  49  6:10  Marine x4  
  54  6:12  Barracks Tech Lab  
  54  6:13  SCV  
  54  6:14  SCV  
  54  6:15  Starport Reactor  
  54  6:18  Stimpack  
  55  6:20  Factory Tech Lab  
  55  6:26  SCV x2  
  55  6:29  Supply Depot  
  55  6:31  Supply Depot  
  57  6:32  Supply Depot  
  57  6:35  Marine  
  57  6:36  Marine x3  
  57  6:37  Marauder  
  57  6:38  SCV x2  
  57  6:39  Marauder  
  67  6:40  Siege Tank  
  67  6:47  Terran Infantry Weapons Level 1  
  70  6:51  SCV x2, Engineering Bay  
  72  7:03  Marine x4  
  72  7:04  Marauder  
  72  7:05  Marauder  
  74  7:21  Marine  
  57  7:39  Marine x6  
  61  7:51  Medivac x2  
  65  7:52  Siege Tank  
  65  7:56  Refinery, Marine  
  65  7:57  Refinery, Marine x3  
  72  8:01  Marine x2  
  72  8:03  Supply Depot  
  72  8:04  Supply Depot  
  74  8:14  Marine x2  
Show
View Real Time Build Order
Export as new Build Order

POUTINOSS Protoss 

Build Orders:  

Get SALT Encoding   

  12  0:01  Probe (Chrono Boost)  
  13  0:12  Probe (Chrono Boost)  
  14  0:22  Pylon  
  14  0:36  Pylon  
  14  0:37  Probe (Chrono Boost)  
  15  0:52  Probe (Chrono Boost), Forge  
  16  1:02  Probe (Chrono Boost)  
  17  1:13  Probe (Chrono Boost)  
  18  1:57  Probe (Chrono Boost)  
  19  2:03  Pylon  
  19  2:11  Photon Cannon  
  19  2:15  Photon Cannon  
  18  2:32  Assimilator  
  18  2:37  Assimilator  
  18  2:47  Gateway  
  18  2:48  Gateway  
  18  2:50  Probe (Chrono Boost)  
  18  2:51  Gateway  
  19  2:52  Gateway  
  19  3:14  Gateway  
  19  3:16  Probe (Chrono Boost)  
  20  3:26  Probe (Chrono Boost)  
  21  3:32  Photon Cannon  
  19  3:41  Pylon  
  19  3:52  Zealot (Chrono Boost)  
  19  3:53  Zealot (Chrono Boost)  
  19  3:54  Zealot x2 (Chrono Boost)  
  27  4:02  Probe (Chrono Boost)  
  28  4:08  Zealot  
  30  4:16  Probe (Chrono Boost)  
  31  4:20  Cybernetics Core  
  31  4:27  Probe (Chrono Boost), Pylon  
  31  4:30  Zealot  
  34  4:36  Protoss Ground Weapons Level 1 (Chrono Boost)  
  34  4:37  Probe  
  35  4:44  Zealot  
  37  5:05  Sentry  
  35  5:16  Pylon  
  35  5:17  Pylon  
  35  5:18  Pylon  
  35  5:19  Zealot  
  31  5:29  Adept  
  29  5:42  Photon Cannon  
  29  5:47  Photon Cannon  
  25  5:59  Adept (Chrono Boost)  
  29  6:04  Adept (Chrono Boost)  
  29  6:08  Adept (Chrono Boost)  
  29  6:10  Mothership Core  
  33  6:19  Warp Gate (Chrono Boost)  
  39  6:41  Adept x3 (Chrono Boost)  
  39  6:44  Adept (Chrono Boost)  
  43  7:03  Adept (Chrono Boost)  
  43  7:06  Pylon  
  43  7:08  Adept (Chrono Boost)  
  43  7:20  Adept (Chrono Boost)  
  35  7:31  Adept (Chrono Boost)  
  33  7:40  Adept (Chrono Boost)  
  31  7:48  Probe  
  31  7:50  Sentry (Chrono Boost)  
  36  7:51  Stalker (Chrono Boost)  
  38  8:02  Stalker (Chrono Boost)  
  36  8:23  Adept (Chrono Boost)  
Tags
 
Add a new tag
Caveats
  • Supply blocks, unpowered buildings, or Contaminate may cause inaccurate times.
  • Supply counts are checked every 10 seconds.